 Dungeon Crawl Stone Soup version 0.22-a0-542-gce4f928 (webtiles) character file.

25 pk666 the Firebug (level 2, 0/15 HPs)
             Began as a Deep Elf Fire Elementalist on June 25, 2018.
             Slain by Terence
             ... wielding a +0 mace of crushing
              (1 damage)
             ... on level 2 of the Dungeon.
             The game lasted 00:02:18 (999 turns).

pk666 the Firebug (Deep Elf Fire Elementalist)       Turns: 999, Time: 00:02:19

Health: 0/15       AC:  2    Str:  5    XL:     2   Next: 86%
Magic:  0/8        EV: 13    Int: 19    God:
Gold:   72         SH:  0    Dex: 15    Spells: 6/7 levels left

rFire    . . .     SeeInvis .   (no weapon)
rCold    . . .     Gourm    .   (no shield)
rNeg     . . .     Faith    .   a - +0 robe
rPois    .         Spirit   .   (no helmet)
rElec    .         Reflect  .   (no cloak)
rCorr    .         Harm     .   (no gloves)
MR       .....                  (no boots)
Stlth    ++........             (no amulet)
HPRegen  0.05/turn              (no ring)
MPRegen  0.11/turn              (no ring)

@: very slightly contaminated
A: no striking features
a: no special abilities


You were on level 2 of the Dungeon.
You were not hungry.

You visited 1 branch of the dungeon, and saw 2 of its levels.

You collected 72 gold pieces.

Inventory:

Armour
 a - a +0 robe (worn)
Scrolls
 b - a scroll of amnesia {unknown}
 d - 2 scrolls of teleportation {unknown}
Comestibles
 c - 3 rations


   Skills:
 - Level 2.4 Dodging
 - Level 2.4 Stealth
 + Level 3.4 Spellcasting
 * Level 2.4 Conjurations
 + Level 3.6 Fire Magic


You had 6 spell levels left.
You knew the following spells:

 Your Spells              Type           Power        Failure   Level  Hunger
a - Flame Tongue          Conj/Fire      ##...        4%          1    None

Your spell library contained the following spells:

 Spells                   Type           Power        Failure   Level  Hunger
 Fireball                 Conj/Fire      ##........   75%         5    ######.
 Conjure Flame            Conj/Fire      ##......     13%         3    ###....
 Throw Flame              Conj/Fire      ##....       6%          2    ##.....
 Sticky Flame             Conj/Fire      ##......     38%         4    ####...
 Inner Flame              Hex/Fire       ##......     21%         3    ###....


Dungeon Overview and Level Annotations

Branches:
Dungeon (2/15)

Altars:
Ashenzari

Annotations:
D:2 Terence


Message History

The flame tongue hits Terence.
Terence is almost dead.
Terence barely misses you.
Casting: Flame Tongue (safe; 4% risk of failure)
Confirm with . or Enter, or press ? or * to list all spells.
Aiming: Flame Tongue (safe; 4% risk of failure)
Press: ? - help, Shift-Dir - straight line, f/p - Terence
Aim: Terence, wielding a mace of crushing and wearing a scale mail (almost dead)
The flame tongue misses Terence.
Casting: Flame Tongue (safe; 4% risk of failure)
Confirm with . or Enter, or press ? or * to list all spells.
Aiming: Flame Tongue (safe; 4% risk of failure)
Press: ? - help, Shift-Dir - straight line, f/p - Terence
Aim: Terence, wielding a mace of crushing and wearing a scale mail (almost dead)
The flame tongue hits Terence.
Terence appears unharmed.
Terence is almost dead.
Terence asks, "Do you want it fast or slow?"
Terence hits you with a mace of crushing!
* * * LOW HITPOINT WARNING * * *
You die...

#...# .. ...).# # #...#
#. .....# .. ##...# #.
.....# #. #....######
#.#)....#
#.#####.........#
.......#
#.......##.##...#
#......#
#.#.....##.##.#.####..#
#....#.######.####....#
#..<.....#......@@.##.#
...#####.########### ##
.......#...........
#.[.###############
.##................
.##.##############K
.##.##.#.........#..
.[รท......####.#### ..
.......### #....#


You could see Terence.

Vanquished Creatures
  An adder (D:2)
  A leopard gecko (D:1)
  5 goblins
  A hobgoblin (D:1)
  A bat (D:1)
  A kobold (D:1)
  7 rats
17 creatures vanquished.

Notes
Turn   | Place    | Note
-------+----------+-------------------------------------------
     0 | D:1      | pk666 the Deep Elf Fire Elementalist began the quest for the Orb.
     0 | D:1      | Reached XP level 1. HP: 10/10 MP: 6/6
   180 | D:1      | Reached XP level 2. HP: 15/15 MP: 2/8
   260 | D:1      | Found a shattered altar of Ashenzari.
   983 | D:2      | Noticed Terence
   999 | D:2      | Slain by Terence

Vault maps used:
D:1:      dpeg_arrival_rhombus, nicolae_ashenzari_panopticon
D:2:      serial_co_window_serial, co_window_corner_a, co_window_corner_a,
          co_window_paths_a, co_window_corner_a, co_window_paths_a,
          co_window_cross_3, co_window_broadway_a, co_window_corner_b,
          co_window_2corner, co_window_paths_e, uniq_terence,
          uniq_crazy_yiuf_cottage, uniq_natasha

Skill      XL: |  1  2 |
---------------+-------+-----
Conjurations   | 2 |  2.4
Dodging        | |  2.4
Stealth        | |  2.4
Spellcasting   | |  3.4
Fire Magic     | |  3.6

Action                   || total
-------------------------++-------
 Cast: Flame Tongue      ||    37
Armor: Robe              ||     1
Dodge: Dodged            ||     9

Table legend:
 A = Spawn XP
 B = Non-spawn XP
 C = Spawn XP percentage of total XP
 D = Spawn monster count
 E = Non-spawn monster count
 F = Spawn count percentage of total count
 G = Total turns spent on level
                    A         B        C        D         E        F      G
               +---------+---------+-------+---------+---------+-------+---------
         Total |       0 |      37 |   0.0 |       0 |      17 |   0.0 |   999
               +---------+---------+-------+---------+---------+-------+---------
           D:1 |       0 |      21 |   0.0 |       0 |      14 |   0.0 |   636
           D:2 |       0 |      16 |   0.0 |       0 |       3 |   0.0 |   363
               +---------+---------+-------+---------+---------+-------+---------
